[Event "*** SCC Grand Prix: Titled Tuesday Blitz"]
[Site "Chess.com"]
[Date "2020.09.08"]
[Round "3"]
[White "NiranjanNavalgund"]
[Black "esrosenberg"]
[Result "0-1"]
[WhiteElo "2432"]
[BlackElo "2250"]
[TimeControl "180+1"]
[EndTime "10:29:43 PDT"]
[Termination "esrosenberg won by checkmate"]

1. e4 e5 2. Nf3 Nc6 3. Nc3 Nf6 4. Nxe5 Nxe5 5. d4 Nc6 6. e5 Ng8 7. f4 Bb4 8. d5 Nce7 9. Bc4 d6 10. O-O Ng6 11. e6 fxe6 12. dxe6 Bxc3 13. bxc3 Qe7 14. f5 Ne5 15. Qh5+ Kd8 16. Bb3 Nf6 17. Qh4 b6 18. Bg5 Bb7 19. Rfe1 Kc8 20. Rad1 Kb8 21. Kh1 a6 22. Rxe5 dxe5 23. Rd7 Qc5 24. Bxf6 gxf6 25. Qxf6 Ka7 26. h3 Rhf8 27. Qg5 Qf2 28. Rg7 Rxf5 29.
Qg3 Qf1+ 30. Kh2 Bxg2 31. Qxg2 Rf2 32. Rxc7+ Kb8 33. Rb7+ Kc8 34. Rg7 Rxg2+ 35. Rxg2 Qf4+ 36. Kg1 Kc7 37. Rg7+ Kd6 38. Rd7+ Kc6 39. Rg7 Re8 40. Kg2 b5 41. Rg3 e4 42. h4 e3 43. Rf3 Qg4+ 44. Rg3 Qe2+ 45. Kh3 Qf2 46. Rg5 e2 47. Bd5+ Kd6 48. Be4 e1=Q 49. Rg2 Qxh4# 0-1

[Event "*** SCC Grand Prix: Titled Tuesday Blitz"]
[Site "Chess.com"]
[Date "2020.09.08"]
[Round "3"]
[White "GOGIEFF"]
[Black "Shubinkirill2003"]
[Result "1-0"]
[WhiteElo "2893"]
[BlackElo "2639"]
[TimeControl "180+1"]
[EndTime "10:29:44 PDT"]
[Termination "GOGIEFF won on time"]

1. d4 e6 2. c4 Nf6 3. Nc3 Bb4 4. e3 O-O 5. Bd3 d5 6. Nf3 dxc4 7. Bxc4 Nc6 8. O-O Bd6 9. Qc2 a6 10. a3 e5 11. h3 exd4 12. exd4 b5 13. Bd3 Bb7 14.
Ne4 h6 15. Re1 Nxe4 16. Bxe4 Qf6 17. Be3 Rfe8 18. Rac1 Nb4 19. Bh7+ Kh8 20. axb4 Bxf3 21. gxf3 g6 22. Bxg6 Rg8 23. Kf1 Rxg6 24. Qe4 Rag8 25. Red1 Qd8 26. Rc6 Qd7 27. d5 Qxh3+ 28. Ke2 f5 29.
Qd4+ Kh7 30. Rdc1 R8g7 31. f4 Re7 32. Kd2 Qf3 33. Kc2 Re4 34. Qc3 Rg7 35. Kb1 Rf7 36.
Rxa6 Bxb4 37. Qc6 Bd6 38. Ra8 Ree7 39. Qxb5 Qe4+ 40. Ka1 Rg7 41. Qb8 Qxd5 42. Qh8+ Kg6 43. Rg1+ Kf6 44. Qxh6+ 1-0

[Event "*** SCC Grand Prix: Titled Tuesday Blitz"]
[Site "Chess.com"]
[Date "2020.09.08"]
[Round "3"]
[White "Pertinhez76"]
[Black "anon481216"]
[Result "0-1"]
[WhiteElo "2092"]
[BlackElo "2472"]
[TimeControl "180+1"]
[EndTime "10:29:44 PDT"]
[Termination "anon481216 won by resignation"]

1. e4 c5 2. c3 d5 3. exd5 Qxd5 4. d4 Nf6 5. Nf3 e6 6. Be3 cxd4 7. cxd4 Bb4+ 8. Nc3 O-O 9. Be2 b6 10. O-O Bxc3 11.
bxc3 Ba6 12. Bxa6 Nxa6 13. Ne5 Rac8 14. c4 Qb7 15. Qa4 Ne4 16. Rac1 Rfd8 17. Rfd1 f6 18. Nf3 Nb8 19. Qb5 Qd7 20. Qb3 Nc6 21. d5 Na5 22.
Qd3 exd5 23. cxd5 Rxc1 24. Bxc1 Nc5 25. Qe2 Re8 26. Qc2 Nab7 27. Be3 Rc8 28. h3 Na4 29. Qe4 Nc3 30. Qd3 Nxd1 31. Qxd1 Rd8 32. Nd4 Qxd5 33. Qg4 Nd6 34. Ne6 Rd7 35. Nf4 Qf5 36. Qf3 h6 37. Qc6 Kh7 38. Nd5 Ne4 39. g4 Qxd5 40.
Qxd5 Rxd5 41. Kg2 Ra5 42. Kf3 Nd6 43. Kf4 Nc4 44. Kf3 Nxe3 45. Kxe3 Rxa2 46. Kf3 a5 47. Kg2 a4 0-1

[Event "*** SCC Grand Prix: Titled Tuesday Blitz"]
[Site "Chess.com"]
[Date "2020.09.08"]
[Round "3"]
[White "freshfoodcompany"]
[Black "HouseOfDurin"]
[Result "0-1"]
[WhiteElo "2329"]
[BlackElo "2123"]
[TimeControl "180+1"]
[EndTime "10:29:44 PDT"]
[Termination "HouseOfDurin won on time"]

1. d4 Nf6 2. c4 c5 3. d5 b5 4. cxb5 a6 5. bxa6 Bxa6 6. g3 d6 7. Bg2 Nbd7 8. Nc3 g6 9. Nf3 Bg7 10. Rb1 O-O 11. O-O Ra7 12. h3 Qa8 13. b3 Ng4 14. Bb2 Nge5 15. Nxe5 Bxe5 16. Qd2 Rb8 17. Na4 c4 18. Bxe5 Nxe5 19. b4 Rab7 20. Rb2 c3 21. Qxc3 Bxe2 22. Rxe2 Qxa4 23. a3 Ra7 24. Re3 Qb5 25. Rc1 Rba8 26. Bf1 Qb7 27. Ra1 Qxd5 28. Bg2 Qb5 29. Bxa8 Rxa8 30. Kg2 Qb7+ 31.
Kh2 Rc8 32. Qb3 Qb6 33. Rd1 Nc4 34. Rf3 Qc6 35. Rc1 d5 36. Rfc3 e6 37. R3c2 Qb6 38.
a4 Qd4 39. a5 Qe5 40. a6 Ra8 41. b5 Qe4 0-1

[Event "*** SCC Grand Prix: Titled Tuesday Blitz"]
[Site "Chess.com"]
[Date "2020.09.08"]
[Round "3"]
[White "MikaelyanArman"]
[Black "juancruzarias"]
[Result "1-0"]
[WhiteElo "2746"]
[BlackElo "2441"]
[TimeControl "180+1"]
[EndTime "10:29:46 PDT"]
[Termination "MikaelyanArman won by resignation"]

1. d4 Nf6 2. c4 c5 3. d5 e5 4. Nc3 d6 5. e4 Nbd7 6. Be2 Be7 7. Be3 Nf8 8. g4 h6 9. f3 N6h7 10. Nh3 Bh4+ 11. Nf2 Bg5 12. Qd2 Ng6 13. O-O-O Bxe3 14. Qxe3 Qg5 15. Qxg5 hxg5 16. Nd3 Nf6 17. Kd2 Bd7 18. Rb1 Ke7 19. Ke3 Rh3 20. Kf2 Rah8 21. Kg2 Nf4+ 22. Nxf4 exf4 23. Nd1 Bc8 24. Nf2 R3h4 25.
b4 cxb4 26. Rxb4 Nd7 27. Nd3 b6 28. a4 Kd8 29. h3 Kc7 30. Bf1 g6 31. Kf2 Re8 32. Bg2 f5 33. exf5 gxf5 34. gxf5 Nf6 35. a5 Re3 36. axb6+ axb6 37. Nb2 Rh8 38. Na4 Rhe8 39.
Rb2 Nd7 40. Rhb1 Nc5 41. Nxc5 bxc5 42. Ra1 Bb7 43. f6 R3e5 44. f7 Rb8 45. h4 gxh4 46. Bh3 Re7 47. Be6 h3 48. Rh1 Bc8 49. Rxb8 1-0

[Event "*** SCC Grand Prix: Titled Tuesday Blitz"]
[Site "Chess.com"]
[Date "2020.09.08"]
[Round "3"]
[White "Rodalquilar"]
[Black "Sychev_Klementy"]
[Result "1-0"]
[WhiteElo "2651"]
[BlackElo "2860"]
[TimeControl "180+1"]
[EndTime "10:29:47 PDT"]
[Termination "Rodalquilar won on time"]

1. d4 Nf6 2. Bf4 c5 3. e3 Qb6 4. Nc3 Qxb2 5. Nge2 cxd4 6. Rb1 Qa3 7. exd4 a6 8. g3 d5 9. Bg2 e6 10. O-O Nc6 11.
Re1 Be7 12. Qd3 O-O 13. Be5 Nxe5 14. dxe5 Nd7 15. Nd4 Bb4 16. Rb3 Qa5 17. a3 Be7 18.
Qe3 Qc7 19. f4 b5 20. f5 Bc5 21. Kh1 Nxe5 22. fxe6 fxe6 23. Nxd5 exd5 24. Bxd5+ Kh8 25.
Bxa8 Bb7+ 26. Bxb7 Qxb7+ 27. Qe4 Qxe4+ 28. Rxe4 Nc4 29.
Ne6 Rf1+ 30. Kg2 Rf2+ 31. Kh3 Bxa3 32. Rxc4 bxc4 33. Rxa3 Rxc2 34. Rxa6 Kg8 35. Rc6 c3 36. Ng5 Kf8 37. Nxh7+ Ke7 38. Ng5 Kd7 39. Rc4 g6 40.
Ne4 1-0

[Event "*** SCC Grand Prix: Titled Tuesday Blitz"]
[Site "Chess.com"]
[Date "2020.09.08"]
[Round "3"]
[White "UCantHandleDenker"]
[Black "Hard_Utilizator"]
[Result "1-0"]
[WhiteElo "2596"]
[BlackElo "2377"]
[TimeControl "180+1"]
[EndTime "10:29:47 PDT"]
[Termination "UCantHandleDenker won by checkmate"]

1. Nf3 Nf6 2. g3 d5 3. Bg2 e6 4. O-O Be7 5. d3 O-O 6. Nbd2 c5 7. e4 Nc6 8. Re1 b5 9. e5 Nd7 10. Nf1 Bb7 11. h4 Nd4 12. N1h2 Nxf3+ 13. Nxf3 d4 14. h5 Qb6 15. h6 g6 16. Bf4 Rfd8 17. Qd2 Rac8 18.
Bg5 Bxg5 19. Qxg5 Bxf3 20. Bxf3 c4 21. Qf4 Qc5 22. Rad1 Nb6 23. b3 cxb3 24. cxb3 Qe7 25. Rd2 Rc3 26. Be4 Nd5 27. Bxd5 Rxd5 28. Re4 Qd8 29. Kg2 a5 30. Rd1 b4 31. Qf3 Rc2 32. Rde1 Rxa2 33. Rc1 Qe7 34. Rc8+ Rd8 35. Rxd8+ Qxd8 36.
Qf6 Qxf6 37. exf6 Kf8 38. Rxd4 Ke8 39. Rd6 Rd2 40. Kf3 a4 41. bxa4 b3 42. Ke3 Ra2 43.
Rb6 Rxa4 44. Rxb3 Ra8 45. Rb7 Rd8 46. d4 Rd5 47. g4 Rd8 48. f3 Kf8 49. Ke4 Ke8 50.
Rb5 Kf8 51. d5 exd5+ 52. Rxd5 Re8+ 53. Re5 Rb8 54. Rc5 Re8+ 55. Kf4 Rd8 56. g5 Ke8 57. Ke5 Ra8 58. f4 Rb8 59. f5 Kf8 60. fxg6 fxg6 61. Rd5 Kg8 62. Ke6 Re8+ 63. Kd7 Ra8 64. Rc5 Ra7+ 65.
Rc7 Ra4 66. Ke8 Re4+ 67. Re7 Rf4 68. f7+ Kh8 69. Re6 Rxf7 70. Rf6 Ra7 71. Rf8# 1-0

[Event "*** SCC Grand Prix: Titled Tuesday Blitz"]
[Site "Chess.com"]
[Date "2020.09.08"]
[Round "3"]
[White "ENajer77"]
[Black "Sanan_Sjugirov"]
[Result "0-1"]
[WhiteElo "2605"]
[BlackElo "2838"]
[TimeControl "180+1"]
[EndTime "10:29:48 PDT"]
[Termination "Sanan_Sjugirov won by checkmate"]

1. e4 c5 2. Nf3 Nc6 3. Bb5 d6 4.
c3 Nf6 5. Qe2 Bd7 6. d4 cxd4 7.
cxd4 d5 8. e5 Ne4 9. O-O a6 10.
Bxc6 Bxc6 11. e6 fxe6 12. Ne5 g6 13. Nc3 Bg7 14. Nxc6 bxc6 15. Nxe4 dxe4 16. Qxe4 Qd5 17. Re1 Bxd4 18. Qxe6 Qxe6 19. Rxe6 Kd7 20. Re2 e5 21. g3 Kd6 22. Kg2 Kd5 23. Bg5 Rab8 24. Rd1 c5 25. f4 e4 26. Bf6 Rhe8 27. b3 Rb4 28. g4 a5 29. Be5 a4 30. bxa4 Rxa4 31.
Rb2 Rea8 32. Rdd2 e3 33. Rd1 Ke4 34. Rb7 Rxa2+ 35. Kh3 e2 36. Re1 Bf2 37. Rbb1 Bxe1 38. Rxe1 Kf3 39. f5 gxf5 40. gxf5 c4 41. f6 R2a5 42.
Bc3 Rh5# 0-1

[Event "*** SCC Grand Prix: Titled Tuesday Blitz"]
[Site "Chess.com"]
[Date "2020.09.08"]
[Round "3"]
[White "sasko1234"]
[Black "nrvisakh"]
[Result "1/2-1/2"]
[WhiteElo "2415"]
[BlackElo "2737"]
[TimeControl "180+1"]
[EndTime "10:29:48 PDT"]
[Termination "Game drawn by repetition"]

1. b3 e5 2. Bb2 Nc6 3. e3 Nf6 4.
Nf3 e4 5. Nd4 d5 6. c4 Nxd4 7.
Bxd4 dxc4 8. Bxc4 Bd6 9. Nc3 O-O 10. Bxf6 Qxf6 11. Nxe4 Qg6 12. Ng3 Kh8 13. O-O Bg4 14.
Be2 Bd7 15. d4 a5 16. Bd3 f5 17. Qc2 Qh6 18. f4 g6 19. Rae1 Rfe8 20. e4 fxe4 21. Nxe4 Bxf4 22. g3 Be3+ 23. Kg2 Bc6 24. d5 Bxd5 25.
Qc3+ Kg8 26. Rf3 Bxe4 27. Bxe4 Rxe4 28. Rfxe3 Rxe3 29. Rxe3 Qg7 30. Qc4+ Kh8 31. Qd5 c6 32. Qd2 a4 33. Rd3 Rf8 34. Rd8 axb3 35. axb3 Qf6 36. Rxf8+ Qxf8 37. Qd7 Qf6 38. Qxb7 Qb2+ 39. Kh3 Qf6 40.
Kg2 Qb2+ 41. Kh3 Qf6 42. Kg2 1/2-1/2

[Event "*** SCC Grand Prix: Titled Tuesday Blitz"]
[Site "Chess.com"]
[Date "2020.09.08"]
[Round "3"]
[White "belisarius64"]
[Black "Oleksandr_Bortnyk"]
[Result "0-1"]
[WhiteElo "2673"]
[BlackElo "2934"]
[TimeControl "180+1"]
[EndTime "10:29:49 PDT"]
[Termination "Oleksandr_Bortnyk won by resignation"]

1. e4 Nf6 2. e5 Nd5 3. d4 d6 4. c4 Nb6 5. exd6 exd6 6. Nc3 Be7 7. Bd3 Nc6 8. Nge2 Bg4 9. Be3 O-O 10. O-O Bg5 11. Qd2 Bxe3 12. fxe3 Qg5 13. Ne4 Qh6 14. Nf4 Rae8 15. Ng3 g6 16. b3 Bc8 17.
Ne4 f5 18. Nc3 Qg7 19. c5 dxc5 20. dxc5 Na8 21. Rad1 Ne5 22. Be2 c6 23. e4 Nc7 24.
Kh1 Kh8 25. Qc2 fxe4 26. Nxe4 Bf5 27. Rde1 Nd5 28. Nxd5 cxd5 29. Rxf5 gxf5 30. Nd6 Ng4 31. Nxe8 Nf2+ 32. Kg1 Qd4 33. Kf1 Rxe8 34. Bf3 Ne4 35.
Rd1 Qe3 36. Qe2 Qxc5 37. g3 Nxg3+ 38. hxg3 Rxe2 39. Bxe2 d4 40. Bd3 Kg7 41. Ke2 Qd5 42. Rf1 Qg2+ 43. Rf2 Qxg3 44. Rxf5 Qe3+ 0-1

[Event "*** SCC Grand Prix: Titled Tuesday Blitz"]
[Site "Chess.com"]
[Date "2020.09.08"]
[Round "3"]
[White "swimmerchess"]
[Black "Roaccutane"]
[Result "1-0"]
[WhiteElo "2857"]
[BlackElo "2617"]
[TimeControl "180+1"]
[EndTime "10:29:49 PDT"]
[Termination "swimmerchess won by resignation"]

1. e4 d6 2. d4 Nf6 3. Nc3 g6 4. f4 Bg7 5. Nf3 O-O 6. e5 Nfd7 7. h4 c5 8. h5 cxd4 9. Qxd4 dxe5 10. Qf2 e4 11.
Nxe4 Nf6 12. Nxf6+ exf6 13. hxg6 hxg6 14. Be3 Re8 15.
Bd3 Qb6 16. Kd2 Qxb2 17. Rab1 Qxa2 18. Qh4 Rxe3 19. Kxe3 Nc6 20. Qh7+ Kf8 21. Kf2 Qd5 22. Rb5 Qd6 23. Qh4 a6 24. Rbb1 b5 25. Be4 Be6 26. Rbd1 Qc5+ 27. Kg3 Re8 28. Rhe1 a5 29. Bxc6 Qxc6 30.
Nd4 Qc3+ 31. Kh2 g5 32. Nxe6+ fxe6 33. fxg5 f5 34. Rd7 Re7 35. Rd8+ Re8 36. Rxe8+ Kxe8 37. Rd1 Qe5+ 38. Kh1 Qe2 39. Re1 Qc4 40. Qxc4 bxc4 41. Rxe6+ Kf7 42. Ra6 Bc3 43. Kh2 Bd2 44. g6+ Kg7 45.
Kh3 f4 46. Kg4 Bb4 47. Kf5 1-0

[Event "*** SCC Grand Prix: Titled Tuesday Blitz"]
[Site "Chess.com"]
[Date "2020.09.08"]
[Round "3"]
[White "NMZanette"]
[Black "PlotnikovPavel"]
[Result "0-1"]
[WhiteElo "2196"]
[BlackElo "2485"]
[TimeControl "180+1"]
[EndTime "10:29:49 PDT"]
[Termination "PlotnikovPavel won by resignation"]

1. e4 e6 2. d4 d5 3. Nd2 Be7 4. Ngf3 dxe4 5. Nxe4 Nf6 6. Nxf6+ Bxf6 7. Bd3 O-O 8. O-O b6 9. Be4 c6 10. c3 Bb7 11. Re1 Qc7 12. Bg5 Nd7 13. Qc2 h6 14. Be3 c5 15. dxc5 Bxe4 16. Qxe4 Nxc5 17. Qg4 Kh8 18.
Rad1 Rad8 19. Nd4 e5 20. Nf5 Nd3 21. Qh5 Nxe1 22. Rxe1 Rd6 23. Nxh6 gxh6 24. Bxh6 Bg7 25. Bxg7+ Kxg7 26. Qxe5+ Kg8 27. Qg3+ Kh7 28. h3 Rg8 29. Qf4 Qb7 30. Qf5+ Rdg6 31. Re4 Kg7 32. g4 Qc7 33. h4 Kf8 34. h5 Rd6 35. Kg2 Qd7 36. Qf3 Re6 37.
Rf4 Re7 38. h6 Rh8 39. Qa8+ Qe8 40. Qf3 Rxh6 41. g5 Rg6 42. Rf5 Re5 43. Rxe5 Qxe5 44.
Qa8+ Kg7 45. f4 Qxf4 0-1

[Event "*** SCC Grand Prix: Titled Tuesday Blitz"]
[Site "Chess.com"]
[Date "2020.09.08"]
[Round "3"]
[White "Mikhail_Golubev"]
[Black "Infernal_XaM"]
[Result "0-1"]
[WhiteElo "2610"]
[BlackElo "2905"]
[TimeControl "180+1"]
[EndTime "10:29:51 PDT"]
[Termination "Infernal_XaM won by resignation"]

1. e4 h6 2. Nc3 e6 3. Nf3 d5 4. exd5 exd5 5. d4 c6 6. Bf4 Bb4 7. Bd3 Ne7 8. O-O O-O 9. Ne2 Nd7 10. Ng3 Nf6 11. c3 Bd6 12. Bxd6 Qxd6 13. Re1 Bg4 14. h3 Bxf3 15. Qxf3 Rfe8 16. Re5 Nd7 17. Re2 Ng6 18. Nf5 Qf6 19. Rae1 Rxe2 20. Rxe2 Qg5 21. g3 Qf6 22. Kg2 Rd8 23. h4 Ngf8 24. Ne7+ Kh8 25. Qxf6 Nxf6 26. Nf5 Ne6 27. f4 Kg8 28. Kf3 h5 29.
Ne3 Kf8 30. f5 Nc7 31. Ng2 Nce8 32. Nf4 Nd6 33. Re1 b6 34. Re2 a5 35. a4 Re8 36.
Re5 Rb8 37. Re2 Rd8 38. Re5 Nc8 39. Re2 c5 40. dxc5 bxc5 41. Bb5 Nd6 42. Bc6 Nxf5 43. Re5 Ne7 44. Bb5 g6 45. Re2 Rd6 46. Re1 Nf5 47.
Re2 d4 48. cxd4 Nxd4+ 0-1

[Event "*** SCC Grand Prix: Titled Tuesday Blitz"]
[Site "Chess.com"]
[Date "2020.09.08"]
[Round "3"]
[White "geordie_derraugh"]
[Black "Rozum_Ivan"]
[Result "0-1"]
[WhiteElo "2414"]
[BlackElo "2707"]
[TimeControl "180+1"]
[EndTime "10:29:51 PDT"]
[Termination "Rozum_Ivan won on time"]

1. e4 g6 2. d4 Bg7 3. Nf3 d6 4. h3 Nd7 5. Be3 Ngf6 6. Nc3 O-O 7. Be2 e5 8. O-O exd4 9. Bxd4 Re8 10. Bd3 b6 11. Re1 Bb7 12. Qd2 Nc5 13. Bxc5 bxc5 14. Qf4 Nd7 15. Bc4 Qf6 16. Qg3 Ne5 17. Nxe5 Qxe5 18.
Qf3 Qf6 19. Qxf6 Bxf6 20. Nd5 Bxd5 21. Bxd5 Rab8 22. Rab1 Bxb2 23. Re3 Bf6 24. Reb3 Rb6 25. Kf1 Kg7 26. f3 Reb8 27. Ke2 Rb4 28. Kd3 Rd4+ 29. Ke3 Rb6 30. f4 Ra4 31. Rxb6 axb6 32. g4 Bd4+ 33.
Ke2 Ra3 34. Bb3 c4 35. Bxc4 Re3+ 36. Kd2 Rxe4 37. f5 Be3+ 38. Kd3 Rd4+ 39. Kc3 Rf4 40. Bd3 Bc5 41. Rh1 Rf3 42. Kd2 Bd4 43. fxg6 hxg6 44. h4 Rg3 45. Be2 Bc3+ 46. Kd1 d5 47. h5 gxh5 48.
gxh5 Kh6 49. Rf1 f6 50. Rh1 c5 51. Bf1 Be5 52. Ke2 Ra3 53. Bg2 Rxa2 54. Kd3 Ra3+ 55.
Kd2 Bf4+ 56. Ke2 Re3+ 57. Kf2 d4 58. Ra1 Bg3+ 59. Kf1 Kxh5 0-1

[Event "*** SCC Grand Prix: Titled Tuesday Blitz"]
[Site "Chess.com"]
[Date "2020.09.08"]
[Round "3"]
[White "dragos420"]
[Black "kngopal"]
[Result "1-0"]
[WhiteElo "2499"]
[BlackElo "2236"]
[TimeControl "180+1"]
[EndTime "10:29:51 PDT"]
[Termination "dragos420 won on time"]

1. e4 c5 2. Nf3 d6 3. Bb5+ Nd7 4.
c3 a6 5. Bd3 Ngf6 6. O-O e6 7.
Bc2 Be7 8. d4 b6 9. Nbd2 O-O 10.
Re1 e5 11. b3 Qc7 12. Bb2 Bb7 13.
Nf1 Rac8 14. Rc1 Rfd8 15. Ng3 Bf8 16. d5 g6 17. c4 b5 18. Qe2 bxc4 19. bxc4 a5 20.
Ba4 Ba6 21. Bb5 Bxb5 22. cxb5 a4 23. Nd2 Nb6 24. Nc4 Ra8 25. Bc3 Nxc4 26. Qxc4 Rdb8 27. f4 Nd7 28. fxe5 dxe5 29. Rf1 Bd6 30. Rf3 Rf8 31. Rcf1 f6 32. h4 Rf7 33. h5 Kg7 34. Bd2 Qb6 35.
Qe2 Rb8 36. Rb1 c4+ 37. Kh1 Rc8 38. Be3 Bc5 39. Qxc4 Qb7 40. Qxa4 Bxe3 41. Rxe3 Nc5 42. Qb4 Rfc7 43. a4 Rd7 44. a5 1-0

[Event "*** SCC Grand Prix: Titled Tuesday Blitz"]
[Site "Chess.com"]
[Date "2020.09.08"]
[Round "3"]
[White "Snowflake"]
[Black "BJthechessgod"]
[Result "1-0"]
[WhiteElo "2493"]
[BlackElo "2228"]
[TimeControl "180+1"]
[EndTime "10:29:52 PDT"]
[Termination "Snowflake won by resignation"]

1. Nf3 Nf6 2. c4 e6 3. b3 b6 4. g3 Bb7 5. Bg2 Be7 6. O-O O-O 7. Bb2 d5 8. e3 dxc4 9. bxc4 Nbd7 10. Qe2 c5 11. d4 cxd4 12. exd4 Rc8 13. Nbd2 Re8 14. Rfe1 Bb4 15. Rac1 Ba6 16. a3 Ba5 17. Red1 Nf8 18. Ne5 Qd6 19. Ne4 Nxe4 20. Bxe4 Ng6 21. Qh5 Qe7 22. d5 exd5 23. Rxd5 Bb7 24. Rd7 Qxd7 25. Nxd7 Bxe4 26. Ne5 Nxe5 27. Bxe5 Bg6 28. Qg4 Rcd8 29.
Ba1 h5 30. Qf4 Bd2 31. Qf3 Bxc1 32. Qc3 Rd1+ 33. Kg2 f6 34. c5 bxc5 35. Qxc5 Be4+ 36. Kh3 Kh7 37. Qxh5+ Kg8 38. Qxe8+ Kh7 39. Qh5+ Kg8 40. Qxd1 Bf5+ 41. g4 Bxa3 42. gxf5 Bf8 43. Qd5+ Kh8 44. Kg4 Kh7 45. Kh5 Kh8 46. Qf7 Kh7 47.
Bxf6 a5 48. Bxg7 Bxg7 49. f6 1-0

[Event "*** SCC Grand Prix: Titled Tuesday Blitz"]
[Site "Chess.com"]
[Date "2020.09.08"]
[Round "3"]
[White "PattyCastillo"]
[Black "Sofiia_Hryzlova"]
[Result "0-1"]
[WhiteElo "1908"]
[BlackElo "2285"]
[TimeControl "180+1"]
[EndTime "10:29:52 PDT"]
[Termination "Sofiia_Hryzlova won on time"]

1. d4 Nf6 2. Nf3 e6 3. e3 b6 4. Bd3 Bb7 5. b3 g6 6. Bb2 Bg7 7. O-O O-O 8. Nbd2 d5 9. Qe2 Ne4 10. Ne5 Nd7 11. f4 f6 12. Nef3 c5 13. c4 Qe7 14.
Rac1 Rac8 15. a3 a6 16. cxd5 exd5 17. Bxe4 dxe4 18. Ne1 f5 19. Nc4 Bd5 20. Ne5 Bxb3 21. Qxa6 Nxe5 22. fxe5 Rb8 23. Qb5 c4 24. Rxc4 Bxc4 25.
Qxc4+ Kh8 26. g3 Rfc8 27. Qb3 b5 28. Ng2 b4 29. a4 Ra8 30. Nf4 Rcb8 31. d5 Bxe5 32.
Bxe5+ Qxe5 33. Ne6 Ra5 34. Rd1 Re8 35. Ng5 Qe7 36.
d6 Qxg5 37. d7 Rd8 38. Qxb4 Ra7 39. Qd4+ Kg8 40. Qxa7 Kf7 41. Qb6 Ke7 42. Qb4+ Kf7 43. Qc4+ Kg7 44. Qd4+ Kh6 45. Qb6 Qe7 0-1

[Event "*** SCC Grand Prix: Titled Tuesday Blitz"]
[Site "Chess.com"]
[Date "2020.09.08"]
[Round "3"]
[White "RU_B9"]
[Black "annamaja"]
[Result "0-1"]
[WhiteElo "1851"]
[BlackElo "2274"]
[TimeControl "180+1"]
[EndTime "10:29:52 PDT"]
[Termination "annamaja won on time"]

1. c4 e5 2. Nc3 Nf6 3. Nf3 Nc6 4. e3 Bb4 5. Qc2 O-O 6. Nd5 Bc5 7. Qf5 d6 8. Nxf6+ Qxf6 9. Qxf6 gxf6 10. g4 Kh8 11.
Rg1 Rg8 12. h3 Be6 13. a3 a5 14. b3 f5 15. g5 Kg7 16. Bb2 Kf8 17. d4 e4 18. Nd2 Ba7 19. d5 Bxd5 20. cxd5 Ne7 21. Bc4 h6 22. h4 c6 23. dxc6 bxc6 24. O-O-O d5 25. Be2 hxg5 26. Rxg5 Rxg5 27. hxg5 Ng6 28. Nf1 Rb8 29. Kc2 Ke7 30. Ng3 Ke6 31. Rh1 f4 32.
exf4 Nxf4 33. Bf1 Bxf2 34. Rh6+ Kd7 35. Ne2 Ng6 36. Bh3+ Ke7 37. Bf6+ Kd6 38. Kc3 c5 39. Rh7 Kc6 40. Rxf7 d4+ 41. Kc2 d3+ 42. Kd2 dxe2 43.
Kxe2 Bd4 0-1

[Event "*** SCC Grand Prix: Titled Tuesday Blitz"]
[Site "Chess.com"]
[Date "2020.09.08"]
[Round "3"]
[White "vugarrasulov"]
[Black "Love_craft"]
[Result "1-0"]
[WhiteElo "2831"]
[BlackElo "2603"]
[TimeControl "180+1"]
[EndTime "10:29:53 PDT"]
[Termination "vugarrasulov won on time"]

1. e4 g6 2. d4 Bg7 3. Nf3 d6 4.
c3 Nd7 5. Bd3 e5 6. O-O Ngf6 7.
h3 O-O 8. Re1 Qe7 9. Nbd2 b6 10.
Nf1 Nh5 11. a4 a5 12. Ne3 Nf4 13. Bf1 Nf6 14. dxe5 dxe5 15. Nc4 Rd8 16. Qc2 Nd7 17.
b3 Nc5 18. Ba3 Bb7 19. Rad1 f6 20. g3 Nfe6 21. Ne3 Bf8 22. Nd5 Qf7 23. Bc4 Kg7 24.
Bc1 Rd6 25. Nh2 h5 26. Nf1 Rad8 27. Nfe3 Qd7 28. b4 axb4 29. cxb4 Nxa4 30. Bb3 b5 31. Qd2 Nd4 32. Nf5+ Nxf5 33. exf5 Bxd5 34. Qh6+ Kg8 35. Qxg6+ Qg7 36. Rxd5 Rxd5 37. Qxh5 c6 38. Re4 Qf7 39. Rg4+ Bg7 40. Rg6 Kf8 41. Bh6 Bxh6 42. Qxh6+ Ke8 43.
Rg7 1-0

[Event "*** SCC Grand Prix: Titled Tuesday Blitz"]
[Site "Chess.com"]
[Date "2020.09.08"]
[Round "3"]
[White "Gorin_Leonid"]
[Black "Martins-BR"]
[Result "1-0"]
[WhiteElo "2630"]
[BlackElo "2261"]
[TimeControl "180+1"]
[EndTime "10:29:53 PDT"]
[Termination "Gorin_Leonid won on time"]

1. e4 c5 2. Nf3 e6 3. d4 cxd4 4. Nxd4 Nc6 5. Nb5 d6 6. c4 Nf6 7. N1c3 a6 8. Nd4 Bd7 9. Be3 Be7 10. Be2 O-O 11. O-O Rb8 12. f3 Qc7 13. Rc1 Ne5 14.
b3 Rfe8 15. Qd2 b6 16. Rfd1 Rbd8 17. Bf1 Bc6 18. Nd5 Qb7 19. Nxc6 Nxc6 20. Nxb6 a5 21. Kh1 Nb4 22. a3 Nc6 23. Qb2 Nh5 24. b4 axb4 25. axb4 Bf6 26. Qb3 Be5 27. c5 dxc5 28.
bxc5 Qb8 29. Bg1 Bf4 30. Rxd8 Rxd8 31. Rd1 Rf8 32. Qb5 Qe5 33. g4 Na7 34. Qe2 Nf6 35.
Nd7 Nxd7 36. Rxd7 Nc6 37. Qb5 Qa1 38. Qe2 Ne5 39. Rd1 Qc3 40. Bg2 h6 41. Bd4 Qa5 42.
Qc2 Ng6 43. Qc3 Qxc3 44. Bxc3 Rc8 45. Bd4 e5 46. Bf2 Bg5 47. Bf1 Nf4 48. h4 Bd8 49. Rc1 Bc7 50. c6 Rd8 51. Rb1 Rd6 52. Rc1 Rd2 53.
Kg1 1-0

[Event "*** SCC Grand Prix: Titled Tuesday Blitz"]
[Site "Chess.com"]
[Date "2020.09.08"]
[Round "3"]
[White "OminousOmen"]
[Black "RobertoJBM"]
[Result "1-0"]
[WhiteElo "2935"]
[BlackElo "2674"]
[TimeControl "180+1"]
[EndTime "10:29:54 PDT"]
[Termination "OminousOmen won on time"]

1. d4 d5 2. c4 c6 3. Nf3 Nf6 4.
Nc3 dxc4 5. e4 b5 6. Be2 e6 7.
O-O a6 8. Bg5 h6 9. Bh4 Bb7 10.
e5 g5 11. Nxg5 hxg5 12. Bxg5 Be7 13. exf6 Bxf6 14. Bxf6 Qxf6 15. Bf3 Nd7 16. Ne4 Qe7 17. b3 f5 18. Ng3 cxb3 19. Qxb3 O-O-O 20. a4 b4 21. Rac1 Qd6 22. a5 Kb8 23. Rc4 c5 24. Bxb7 Kxb7 25.
dxc5 Qc6 26. Rxb4+ Ka8 27. Rb1 Rb8 28. Qc4 Rxb4 29. Rxb4 Ka7 30. Ne2 Qxc5 31. Qxc5+ Nxc5 32. Nd4 Rc8 33. h4 f4 34. Rb6 e5 35. Nc6+ Ka8 36.
Nxe5 Re8 37. Nc6 Nd7 38. Rb4 Re6 39. Nd4 Re5 40. Nf3 Rxa5 41. Rxf4 Rd5 42. g4 a5 43. h5 Kb7 44. h6 Rd6 45. g5 Rc6 46. h7 Rc8 47. g6 1-0

[Event "*** SCC Grand Prix: Titled Tuesday Blitz"]
[Site "Chess.com"]
[Date "2020.09.08"]
[Round "3"]
[White "winniethepooh04"]
[Black "IANOV0007"]
[Result "0-1"]
[WhiteElo "2190"]
[BlackElo "2419"]
[TimeControl "180+1"]
[EndTime "10:29:54 PDT"]
[Termination "IANOV0007 won by resignation"]

1. e4 d6 2. d4 Nf6 3. Nc3 c6 4.
Nf3 Qa5 5. Bd3 Bg4 6. O-O e5 7. dxe5 dxe5 8. Bd2 Qc7 9. h3 Bh5 10. Qe2 Nbd7 11. Rad1 Be7 12. g4 Bg6 13. Nh2 O-O 14. f4 exf4 15. Bxf4 Ne5 16. Nf3 Nfd7 17. Qg2 Nxf3+ 18.
Qxf3 Ne5 19. Qg3 Bd6 20. Ne2 Rfe8 21. h4 h5 22. gxh5 Bxh5 23. Rf2 Bc5 24. Rf1 Rad8 25.
Kh2 Bxf2 26. Rxf2 Qe7 27. Bg5 Qd6 28. Nf4 Ng4+ 29. Kg1 Nxf2 30. Kxf2 Qd4+ 31. Kg2 Bg6 32. Bxd8 Bxe4+ 33. Bxe4 Qxe4+ 34. Kh2 Rxd8 35. h5 Rd2+ 36. Kh3 Qh1+ 37. Kg4 Qd1+ 38. Kh4 Rxc2 39. h6 Qd8+ 40. Kh3 Qd7+ 41. Kh4 Qe7+ 42. Kh3 Qf6 43. Nh5 Qf5+ 44. Kh4 Rc4+ 45. Nf4 Rxf4+ 0-1

[Event "*** SCC Grand Prix: Titled Tuesday Blitz"]
[Site "Chess.com"]
[Date "2020.09.08"]
[Round "3"]
[White "Alindsay211"]
[Black "szefru"]
[Result "1-0"]
[WhiteElo "2323"]
[BlackElo "2060"]
[TimeControl "180+1"]
[EndTime "10:29:54 PDT"]
[Termination "Alindsay211 won by resignation"]

1. d4 Nf6 2. Nf3 g6 3. g3 Bg7 4. Bg2 O-O 5. O-O d5 6. Bf4 c6 7. c3 Nbd7 8. Ne5 Nxe5 9. Bxe5 Ng4 10. Bxg7 Kxg7 11. e4 Nf6 12. Nd2 dxe4 13. Nxe4 Nxe4 14. Bxe4 Bh3 15. Re1 Qd6 16. Qe2 Rae8 17. Bh1 h5 18. Qe5+ Qxe5 19. Rxe5 e6 20. Rae1 Bf5 21. Bf3 Bg4 22.
Kg2 Bxf3+ 23. Kxf3 Kf6 24. Ke3 Rd8 25. Kd3 b6 26. a4 c5 27. R5e4 Rd6 28. Kc4 cxd4 29. Rxd4 Rc8+ 30. Kd3 Rxd4+ 31. Kxd4 Rd8+ 32. Ke3 Rd5 33. Rc1 h4 34. c4 Ra5 35. b3 hxg3 36. hxg3 g5 37. Kd4 Rf5 38. Rc2 Rf3 39. b4 g4 40. c5 e5+ 41. Kd5 Rd3+ 42. Kc6 bxc5 43. bxc5 Ke6 44. Kb7 Rd8 45. c6 Rd3 46. c7 Kd7 47.
c8=Q+ 1-0